 Dungeon Crawl Stone Soup version 0.28.0-43-g3370ac3207 (webtiles) character file.

Game seed: 6368464895187895276

314021 Orthodox the Worldbinder (level 21, -28/149 HPs)
             Began as a Barachi Summoner on Mar 9, 2022.
             Was a High Priest of Sif Muna.
             Killed from afar by an ironbound thunderhulk (37 damage)
             ... with a bolt of lightning
             ... on level 3 of the Vaults on Mar 15, 2022.
             The game lasted 07:20:36 (74975 turns).

Orthodox the Worldbinder (Barachi Summoner)        Turns: 74975, Time: 07:20:37

Health: -28/149    AC: 23    Str: 13 (14) XL:     21   Next: 34%
Magic:  27/45      EV: 12    Int: 25 (26) God:    Sif Muna [*****.]
Gold:   2956       SH: 15    Dex: 16      Spells: 8/60 levels left

rFire   + . .      SeeInvis +   b - +12 falchion "Wangum" {freeze, Str+4 Int+3}
rCold   + . .      Faith    .   I - +2 buckler {rC+}
rNeg    . . .      Spirit   .   L - +3 ring mail {Will+}
rPois   .          Reflect  +   m - +2 helmet {SInv}
rElec   .          Harm     .   C - +1 cloak
rCorr   .          Rampage  .   K - +2 pair of gloves
Will    ++...                   B - +0 pair of boots
Stlth   +.........              Q - amulet of Onocac {Reflect rF+ SH+5}
HPRegen 0.34/turn               G - ring of wizardry
MPRegen 0.29/turn               V - ring of wizardry

@: studying Ice Magic, slow
A: amphibious, slowness 1, strong legs 2, +LOS, agile 1, deterioration 1, frail
1, weak 1
}: 2/15 runes: decaying, gossamer
a: Hop, Renounce Religion, Channel Magic, Forget Spell, Divine Exegesis


You were on level 3 of the Vaults.
You worshipped Sif Muna.
Sif Muna was extremely pleased with you.
You visited 7 branches of the dungeon, and saw 35 of its levels.
You visited the Abyss 1 time.
You also visited: Sewer, Ossuary, Ice Cave and Desolation.

You collected 4242 gold pieces.
You spent 1286 gold pieces at shops.

Inventory:

Hand Weapons
 b - the +12 falchion "Wangum" (weapon) {freeze, Str+4 Int+3}
   (You bought it in a shop on level 3 of the Dungeon)

   It freezes those it strikes, dealing additional cold damage.
   It can also slow down cold-blooded creatures.
   Str:       It affects your strength (+4).
   Int:       It affects your intelligence (+3).
 J - the +2 Maxwell's thermic engine {flame, freeze}
   (You found it in the Desolation of Salt)

   It burns those it strikes, dealing additional fire damage.
   Big, fiery blades are also staple armaments of hydra-hunters.
   It freezes those it strikes, dealing additional cold damage.
   It can also slow down cold-blooded creatures.
   It becomes more effective when it hits something.
   This effect fades over time.
 X - the +1 rapier "Ebom" {vorpal, Contam rN++ Will+++ SInv}
   (You found it on level 1 of the Lair of Beasts)

   It inflicts extra damage upon your enemies.
   rN:        It greatly protects you from negative energy.
   SInv:      It lets you see invisible.
   Contam:    It causes magical contamination when unequipped.
   Will:      It greatly increases your willpower.
Missiles
 c - 3 throwing nets {!f}
Armour
 i - a +2 ring mail of poison resistance
 k - a +2 kite shield of reflection
 m - a +2 helmet of see invisible (worn)
 A - +0 swamp dragon scales
 B - a +0 pair of boots (worn)
 C - a +1 cloak (worn)
 I - a +2 buckler of cold resistance (worn)
 K - a +2 pair of gloves (worn)
 L - a +3 ring mail of willpower (worn)
 N - the +3 ring mail "Vilor" {rElec}
   (You found it in the Desolation of Salt)

   rElec:     It insulates you from electricity.
Jewellery
 d - a ring of positive energy
 e - a ring of poison resistance
 g - a +4 ring of protection
 o - a ring of protection from cold
 v - the ring of Futex {Fire rElec rPois Str-4}
   (You found it in the Desolation of Salt)

   [ring of fire]

   It enhances your fire magic.
   Str:       It affects your strength (-4).
   rF:        It protects you from fire.
   rC:        It makes you vulnerable to cold.
   rElec:     It insulates you from electricity.
   rPois:     It protects you from poison.
 y - a ring of protection from cold
 E - a ring of willpower
 G - a ring of wizardry (left hand)
 H - a ring of positive energy
 M - a ring of protection from fire
 Q - the amulet of Onocac (around neck) {Reflect rF+ SH+5}
   (You found it in the Desolation of Salt)

   [amulet of reflection]

   It reflects blocked missile attacks.
   rF:        It protects you from fire.
   SH:        It affects your SH (+5).
 U - the amulet of Hijur {Acrobat rPois Str+4}
   (You found it in the Desolation of Salt)

   [amulet of the acrobat]

   It increases your evasion while moving and waiting.
   Str:       It affects your strength (+4).
   rPois:     It protects you from poison.
 V - a ring of wizardry (right hand)
Wands
 l - a wand of iceblast (7)
 p - a wand of acid (41)
 q - a wand of digging (27)
Scrolls
 a - a scroll of blinking
 h - 7 scrolls of noise
 n - 2 scrolls of holy word
 r - 10 scrolls of teleportation
 w - 8 scrolls of fear
 x - 4 scrolls of magic mapping
 O - 7 scrolls of enchant weapon
 R - 5 scrolls of enchant armour
 S - 4 scrolls of fog
 T - 4 scrolls of summoning
Potions
 f - 8 potions of brilliance
 j - 7 potions of curing {@q1}
 s - 4 potions of cancellation
 t - 3 potions of invisibility
 u - 6 potions of mutation
 z - 2 potions of heal wounds
 D - 4 potions of might
 F - 6 potions of resistance
 P - 6 potions of haste


   Skills:
 - Level 14.5 Fighting
 - Level 4.0 Long Blades
 - Level 16.3 Armour
 - Level 4.0 Dodging
 - Level 2.0 Stealth
 + Level 14.7 Shields
 - Level 20.0 Spellcasting
 - Level 24.0 Summonings
 - Level 8.2 Translocations
 - Level 5.2 Air Magic
 - Level 7.4 Invocations


You had 8 spell levels left.
You knew the following spells:

 Your Spells              Type           Power      Damage    Failure   Level
a - Summon Mana Viper     Hex/Summ       71%        N/A       1%          5
b - Monstrous Menagerie   Summ           49%        N/A       1%          7
c - Call Canine Familiar  Summ           98%        N/A       0%          3
d - Passwall              Tmut/Erth      20%        N/A       1%          2
e - Summon Horrible Thin  Summ           49%        N/A       1%          8
f - Sublimation of Blood  Necr           25%        N/A       1%          2
g - Dispersal             Tloc           30%        N/A       5%          6
h - Apportation           Tloc           100%       N/A       1%          1
i - Malign Gateway        Summ/Tloc      40%        N/A       1%          7
j - Blink                 Tloc           100%       N/A       1%          2
k - Dragon's Call         Summ           49%        N/A       5%          9

Your spell library contained the following spells:

 Spells                   Type           Power      Damage    Failure   Level
 Summon Small Mammal      Summ           100%       N/A       0%          1
 Call Imp                 Summ           98%        N/A       0%          2
 Animate Skeleton         Necr           50%        N/A       1%          1
 Freeze                   Ice            100%       1d11      1%          1
 Magic Dart               Conj           100%       1d8       1%          1
 Sandblast                Erth           50%        2d12      1%          1
 Shock                    Conj/Air       100%       1d9       1%          1
 Ensorcelled Hibernation  Hex/Ice        50%        N/A       1%          2
 Scorch                   Fire           50%        2d7       1%          2
 Searing Ray              Conj           50%        2d6       1%          2
 Static Discharge         Conj/Air       38%        N/A       1%          2
 Wereblood                Tmut           25%        N/A       1%          2
 Gell's Gravitas          Tloc           60%        N/A       1%          3
 Lesser Beckoning         Tloc           60%        N/A       1%          3
 Portal Projectile        Hex/Tloc       90%        N/A       1%          3
 Summon Guardian Golem    Hex/Summ       71%        N/A       1%          3
 Swiftness                Air            50%        N/A       1%          3
 Teleport Other           Tloc           60%        N/A       1%          3
 Airstrike                Air            25%        N/A       1%          4
 Animate Armour           Summ/Erth      100%       N/A       1%          4
 Passage of Golubria      Tloc           60%        N/A       1%          4
 Summon Ice Beast         Ice/Summ       71%        N/A       1%          4
 Summon Lightning Spire   Summ/Air       78%        N/A       1%          4
 Manifold Assault         Tloc           60%        N/A       1%          5
 Summon Forest            Summ/Tloc      40%        N/A       1%          5
 Summon Cactus Giant      Summ           49%        N/A       1%          6
 Summon Hydra             Summ           49%        N/A       1%          7
 Conjure Flame            Conj/Fire      25%        6-21      2%          3
 Frozen Ramparts          Ice            50%        1d7       2%          3
 Ignite Poison            Fire/Tmut/Pois 25%        N/A       2%          3
 Inner Flame              Hex/Fire       25%        N/A       2%          3
 Ozocubu's Armour         Ice            25%        N/A       2%          3
 Spider Form              Tmut/Pois      25%        N/A       2%          3
 Tukima's Dance           Hex            25%        N/A       2%          3
 Haunt                    Necr/Summ      35%        N/A       5%          7
 Spellforged Servitor     Conj/Summ      35%        N/A       5%          7
 Anguish                  Hex/Necr       12%        N/A       9%          4
 Animate Dead             Necr           12%        N/A       9%          4
 Fulminant Prism          Conj/Hex       12%        3d9       9%          4
 Hailstorm                Conj/Ice       25%        3d7       9%          4
 Ice Form                 Ice/Tmut       25%        N/A       9%          4
 Leda's Liquefaction      Hex/Erth       12%        N/A       9%          4
 Olgreb's Toxic Radiance  Pois           25%        N/A       9%          4
 Petrify                  Tmut/Erth      25%        N/A       9%          4
 Sticky Flame             Conj/Fire      25%        2d5       9%          4
 Lightning Bolt           Conj/Air       19%        1d33      9%          5
 Silence                  Hex/Air        19%        N/A       9%          5
 Freezing Cloud           Conj/Ice/Air   16%        6-21      13%         5
 Agony                    Necr           25%        N/A       24%         5
 Alistair's Intoxication  Tmut/Pois      16%        N/A       24%         5
 Blade Hands              Tmut           12%        N/A       24%         5
 Borgnjor's Vile Clutch   Necr/Erth      12%        N/A       24%         5
 Fireball                 Conj/Fire      12%        3d7       24%         5
 Irradiate                Conj/Tmut      12%        3d18      24%         5
 Iskenderun's Battlesphe  Conj           25%        2d8       24%         5
 Metabolic Englaciation   Hex/Ice        12%        N/A       24%         5
 Yara's Violent Unravell  Hex/Tmut       12%        3d7       24%         5
 Conjure Ball Lightning   Conj/Air       19%        3x3d6     41%         6
 Iron Shot                Conj/Erth      12%        9d3       75%         6
 Simulacrum               Ice/Necr       12%        N/A       75%         6
 Starburst                Conj/Fire      12%        6d5       75%         6
 Statue Form              Tmut/Erth      16%        N/A       75%         6
 Disjunction              Tloc           30%        N/A       86%         8
 Dragon Form              Tmut           12%        N/A       99%         7
 Orb of Destruction       Conj           12%        9d7       99%         7
 Ozocubu's Refrigeration  Ice            12%        4d7       99%         7
 Maxwell's Capacitive Co  Air            25%        ∞         99%         8
 Borgnjor's Revivificati  Necr           12%        N/A       100%        8
 Ignition                 Fire           12%        3d6       100%        8
 Lehudib's Crystal Spear  Conj/Erth      12%        10d4      100%        8
 Chain Lightning          Conj/Air       19%        3d25      100%        9
 Death's Door             Necr           12%        N/A       100%        9
 Fire Storm               Conj/Fire      12%        8d3       100%        9
 Polar Vortex             Ice            12%        N/A       100%        9
 Shatter                  Erth           12%        3d13*     100%        9


Dungeon Overview and Level Annotations

Branches:
Dungeon (15/15)            Temple (1/1) D:4            Lair (6/6) D:10
  Swamp (4/4) Lair:3       Spider (4/4) Lair:4        Slime (0/5) Lair:5
    Orc (2/2) D:9             Elf (0/3) Orc:2        Vaults (3/5) D:13
  Crypt (0/3) Vaults:3     Depths (0/4) D:15          Sewer (visited)
Ossuary (visited)           IceCv (visited)         Desolation (visited)

Altars:
Ashenzari
Dithmenos
Elyvilon
Gozag
Nemelex Xobeh
Qazlal
Ru
Sif Muna
Vehumet
Wu Jian
Yredelemnul
Zin
The Shining One
Beogh

Shops:
D:2 [   D:3 [?(?(   D:5 *   D:11 (   D:14 (   Orc:2 !*=:   Vaults:2 [

Portals:
Abyss: Lair:4

Annotations:
D:12 1 runed translucent door, pkoi's ghost, journeyman DEIE
Lair:4 2 transporters, Waps's ghost, journeyman OgBe


Innate Abilities, Weirdness & Mutations

You are amphibious.
You cover ground slowly.
You can hop long distances.
You have an extended range of vision and can be seen from far away.
You are agile. (Dex +2)
Your body sometimes deteriorates upon taking damage.
You are frail. (-10% HP)
You are weak. (Str -2)


Message History

The bolt of lightning hits you!!
You take 34 damage, and have 115/149 hp.
MASSIVE DAMAGE!!
Unknown command.
Strange energies crackle from the ironbound thunderhulk's apparatus.
The ironbound thunderhulk blinks!
Strange energies crackle from the ironbound thunderhulk's apparatus.
The ironbound thunderhulk blinks!
The ironbound thunderhulk hits your large abomination with a +3 dire flail!!
Your large abomination closely misses the ironbound thunderhulk.
The ironbound thunderhulk hits your large abomination with a +3 dire flail!!
Your large abomination is destroyed!
Your large abomination disappears in a puff of smoke!
Your large abomination hits the ironbound thunderhulk!!
Strange energies crackle from the ironbound thunderhulk's apparatus.
The ironbound thunderhulk blinks!
Electricity crackles from the ironbound thunderhulk's apparatus.
The bolt of lightning hits you!!
You take 27 damage, and have 91/149 hp.
Casting: Summon Horrible Things (dangerous; 1% risk of failure)
Confirm with . or Enter, or press ? or * to list all spells.
You summon a manticore!
Electricity crackles from the ironbound thunderhulk's apparatus.
The bolt of lightning hits you!!
Your body deteriorates!
You feel dopey.
You take 28 damage, and have 63/149 hp.
You now have 33/45 mp.
Unknown command.
Casting: Monstrous Menagerie (safe; 1% risk of failure)
Confirm with . or Enter, or press ? or * to list all spells.
You summon a manticore!
Electricity crackles from the ironbound thunderhulk's apparatus.
The bolt of lightning hits you!!!
* * * LOW HITPOINT WARNING * * *
Your body deteriorates!
You feel weakened.
You take 54 damage, and have 9/149 hp.
MASSIVE DAMAGE!!
You now have 26/45 mp.
Your large abomination hits the ironbound thunderhulk!
Your large abomination hits the ironbound thunderhulk.
Electricity crackles from the ironbound thunderhulk's apparatus.
The bolt of lightning hits you!!!
You die...

#.#,* #.#.* #########
#.#.* #........ #.≈,*
#........ #.≈,*
#..###.## #.#∩*
#..#..... #.#,*
#..#.#.#. ####.#,*
#.....#.. #...@#+#
#..#.#.#. #.H....#
#..#..... #......#
#..###.## #...H".#
#.<...... #.X....#
#........
#.XX...############'#
#.O....'.............
########.)...........
#.....#######.


You could see an ironbound thunderhulk (ally target), 2 friendly manticores and
3 friendly large abominations.

Vanquished Creatures
  An angel (Vaults:3)
  A dire elephant (Vaults:1)
  A spark wasp (Spider:3)
  An ettin (Vaults:2)
  A vault guard (D:13)
  A yaktaur captain (Vaults:2)
  A centaur warrior (D:12)
  A two-headed ogre (Orc:2)
  2 orc high priests (Orc:2)
  A sun moth (Spider:4)
  An orb spider (Spider:2)
  An ironbound convoker (Desolation)
  3 lindwurms (Vaults:2)
  2 harpies (Vaults:2)
  An orc sorcerer (Orc:2)
  2 ugly things
  A wolf spider (Spider:3)
  A will-o-the-wisp (Swamp:2)
  2 elephants
  A vault sentinel (Vaults:2)
  A guardian serpent (Desolation)
  A smoke demon (Abyss:3)
  A cane toad (Lair:6)
  A komodo dragon (Lair:1)
  4 polar bears
  3 saltlings (Desolation)
  3 tarantellas
  A tyrant leech (Lair:3)
  A tarantella (shapeshifter) (D:13)
  A dream sheep (Lair:6)
  4 culicivoras
  4 jumping spiders
  9 yaks (IceCv)
  An air elemental (Abyss:3)
  A spriggan (Swamp:1)
  2 wyverns
  A neqoxec (Abyss:3)
  A vampire mosquito (D:7)
  2 redbacks
  A warg (Orc:2)
  4 water moccasins
  A large abomination (Abyss:3)
  A hell hound (Lair:6)
  An orc warrior (Orc:2)
  A black bear (Lair:6)
  2 ogres (Orc:2)
  3 centaurs (D:14)
  6 wolves
  A kobold brigand (D:12)
  2 bullfrogs
  4 scorpions
  9 killer bees
  2 wights (D:8)
  A nameless horror (D:11)
  4 orc priests
  A centaur skeleton (D:5)
  An iguana (Lair:1)
  2 orc wizards
  2 gnolls (D:2)
  4 adders
  A worm (D:4)
  12 orcs
  A ball python (Sewer)
  A bat (D:1)
  A gnoll zombie (Ossuary)
  10 goblins
  A hobgoblin (D:2)
  7 kobolds
  4 frilled lizards (Lair:1)
  4 rats
163 creatures vanquished.

Vanquished Creatures (collateral kills)
  Nikola (Spider:1)
  Rupert (D:12)
  Jorgrun (Swamp:2)
  Asterion (Vaults:2)
  A sphinx (Vaults:2)
  Agnes (D:15)
  Donald (Orc:2)
  7 emperor scorpions (Spider:4)
  3 fenstrider witches (Swamp:2)
  3 vault wardens (Vaults:1)
  5 ghost moths (Spider:4)
  4 orc warlords
  An angel (Vaults:3)
  Louise (D:15)
  4 imperial myrmidons (Desolation)
  A ghoul (Swamp:2)
  8 very ugly things
  A broodmother (Spider:3)
  6 ironbound preservers
  The ghost of WindUpCitrus the Severer, a journeyman DDFi of Makhleb (Lair:6)
  4 ironbound thunderhulks
  4 entropy weavers
  A deep elf demonologist (Vaults:2)
  Azrael (D:12)
  A spark wasp (Spider:3)
  11 dire elephants (Vaults:1)
  10 bunyips
  4 eleionomae
  A crystal guardian (Desolation)
  8 ragged hierophants (Desolation)
  2 ettins
  A fire dragon (shapeshifter) (D:14)
  2 shambling mangroves (Swamp:4)
  4 yaktaur captains
  An ice dragon (shapeshifter) (D:13)
  30 hydras
  6 servants of whispers (Desolation)
  2 great orbs of eyes (Vaults:2)
  7 vault guards (D:13)
  7 peacekeepers
  5 boulder beetles
  The ghost of adizb the Grappler, a novice TrBr of Uskayaw (D:11)
  3 ghost crabs
  5 ironbound frosthearts
  2 radroaches
  An anaconda (Lair:6)
  The ghost of Acetwo5 the Fighter, a novice MiDe of Okawaru (D:7)
  2 jorogumos (Spider:1)
  6 two-headed ogres
  6 centaur warriors
  9 alligators
  9 death yaks
  3 orc high priests (Orc:2)
  3 spriggan berserkers
  2 tengu warriors
  Nergalle (D:12)
  A fire crab (Lair:2)
  A fire crab (shapeshifter) (D:15)
  24 deep trolls
  5 pharaoh ants
  5 spriggan druids
  3 goliath frogs
  4 death drakes
  4 steelbarb worms
  6 swamp dragons
  3 lindwurms
  5 orb spiders
  10 wizards
  13 ironbound convokers
  3 harpies (Vaults:2)
  7 bog bodies
  A necromancer (Vaults:3)
  9 will-o-the-wisps
  2 deep elf zephyrmancers (D:14)
  25 ugly things
  4 deep elf pyromancers
  9 orc knights
  4 orc sorcerers (Orc:2)
  17 wolf spiders
  A frost giant zombie (Vaults:3)
  6 cyclopes
  4 manticores
  3 moths of wrath
  7 black mambas
  7 elephants
  5 guardian serpents
  A rust devil (Abyss:3)
  7 vault sentinels
  4 torpor snails
  An ice statue (IceCv)
  Maggie (D:9)
  A gargoyle (D:13)
  2 unseen horrors
  12 komodo dragons
  17 cane toads
  2 rime drakes
  13 demonic crawlers
  2 kobold demonologists
  2 tengu conjurers (D:15)
  19 yaktaurs
  A freezing wraith (Vaults:1)
  6 trolls
  A bloated husk (Swamp:1)
  7 meliai
  8 hornets
  17 polar bears
  A wind drake (shapeshifter) (D:15)
  2 queen bees
  65 saltlings (Desolation)
  13 tyrant leeches
  A wolf spider simulacrum (D:14)
  19 tarantellas
  2 raiju (Lair:6)
  6 slime creatures
  9 dream sheep
  5 blink frogs
  An ettin zombie (Vaults:3)
  18 jumping spiders
  A vampire (D:12)
  9 spriggans
  Sigmund (D:2)
  12 culicivoras
  12 wyverns
  59 yaks
  2 wraiths
  A shadow (D:12)
  Grum (D:9)
  5 basilisks
  A water elemental (D:12)
  60 redbacks
  8 vampire mosquitoes
  4 fire elementals (D:12)
  A neqoxec (D:15)
  17 swamp worms
  6 wargs (Lair:6)
  14 hell hounds
  21 water moccasins
  Duvessa (D:6)
  13 swamp drakes
  2 ice beasts (D:6)
  11 black bears
  36 orc warriors
  15 ogres
  A hornet zombie (D:9)
  27 wolves
  A necrophage (D:5)
  11 centaurs
  A lemure (D:6)
  5 kobold brigands
  18 bullfrogs
  A small abomination (Abyss:3)
  6 scorpions
  Dowan (D:6)
  31 killer bees
  12 wights (D:8)
  2 electric eels (D:12)
  3 hounds
  12 jellies (Lair:5)
  5 centaur zombies
  3 human zombies
  Crazy Yiuf (D:6)
  34 orc priests
  A gnoll shaman (D:6)
  11 iguanas
  12 orc wizards
  2 scorpion zombies (Ossuary)
  3 mummies (Ossuary)
  Robin (D:2)
  7 gnolls
  5 river rats (Sewer)
  7 adders
  A shadow imp (Spider:4)
  2 white imps
  2 ufetubi (D:6)
  2 worms
  3 dart slugs
  102 orcs
  4 bats
  8 endoplasms
  5 giant cockroaches
  4 gnoll zombies (Ossuary)
  9 goblins
  7 hobgoblins
  4 jackals (D:2)
  9 kobolds
  2 quokkas (D:1)
  14 ball pythons
  18 frilled lizards
  5 goblin zombies (Ossuary)
  4 kobold zombies (Ossuary)
  An orc zombie (Ossuary)
  20 rats
1445 creatures vanquished.

Vanquished Creatures (others)
  15 eldritch tentacles
  Gastronok (D:10)
  Nessos (D:12)
  An ettin (Vaults:3)
  A two-headed ogre (D:8)
  Pikel (D:6)
  A deep elf pyromancer (D:9)
  A cyclops (Orc:2)
  A black mamba (Lair:6)
  A komodo dragon (Lair:4)
  3 bloated husks
  A troll (D:9)
  A hornet (Lair:6)
  A saltling (Desolation)
  3 wyverns
  A spriggan (Swamp:3)
  A jumping spider (Spider:2)
  7 yaks
  A swamp worm (Swamp:4)
  2 orc warriors
  3 wolves (D:9)
  4 killer bees
  An iguana (Lair:1)
  An orc (Orc:2)
  A bush (D:10)
  43 foxfires
  64 fungi
  114 plants
  4 snaplasher vines (Swamp:4)
  A starspawn tentacle (Abyss:3)
  2 withered plants (D:12)
283 creatures vanquished.

Grand Total: 1891 creatures vanquished

Notes
Turn   | Place    | Note
-------+----------+-------------------------------------------
     0 | D:1      | Orthodox the Barachi Summoner began the quest for the Orb.
     0 | D:1      | Reached XP level 1. HP: 13/13 MP: 3/3
   139 | D:1      | Reached XP level 2. HP: 19/19 MP: 3/5
   146 | D:1      | Reached skill level 5 in Summonings
   257 | D:1      | Found a faded altar of an unknown god.
   365 | D:1      | Learned a level 2 spell: Call Imp
   800 | D:1      | Reached XP level 3. HP: 20/24 MP: 4/7
  1444 | D:2      | Noticed Sigmund
  1808 | D:2      | Noticed Robin
  1896 | D:2      | Learned a level 3 spell: Call Canine Familiar
  2668 | D:2      | Found a stormy altar of Qazlal.
  2823 | D:2      | Reached XP level 4. HP: 30/30 MP: 0/8
  2954 | D:2      | Killed Sigmund
  2955 | D:2      | Reached skill level 6 in Summonings
  2955 | D:2      | Reached XP level 5. HP: 35/35 MP: 1/11
  2960 | D:2      | Reached XP level 6. HP: 41/41 MP: 2/12
  3283 | D:2      | Killed Robin
  3284 | D:2      | Reached skill level 7 in Summonings
  3502 | D:2      | Found Cebieg's Antique Armour Boutique.
  3520 | D:3      | Found Ixoilej's Antique Weapon Shoppe.
  3690 | D:3      | Learned a level 3 spell: Summon Guardian Golem
  3695 | D:3      | Learned a level 4 spell: Summon Lightning Spire
  4231 | D:3      | Found Ruh Fehe's Antique Armour Emporium.
  4407 | D:3      | Found Geajomegh's Magic Scroll Emporium.
  4410 | D:3      | Found Tacrap's Magic Scroll Shoppe.
  4499 | D:3      | Found Quon's Antique Weapon Shop.
  4869 | D:4      | Reached skill level 1 in Air Magic
  4900 | D:4      | Found a staircase to the Ecumenical Temple.
  4926 | Temple   | Entered the Ecumenical Temple
  4934 | Temple   | Became a worshipper of Sif Muna the Loreminder
  5010 | D:4      | Found a glowing drain.
  5032 | Sewer    | Entered a sewer
  5273 | Sewer    | Reached * piety under Sif Muna
  5377 | Sewer    | Reached XP level 7. HP: 46/46 MP: 9/14
  5617 | Sewer    | Reached ** piety under Sif Muna
  5620 | Sewer    | Reached skill level 8 in Summonings
  6129 | D:4      | Reached XP level 8. HP: 52/52 MP: 7/15
  6271 | D:4      | Reached skill level 9 in Summonings
  6381 | D:2      | Bought a runed cloak for 165 gold pieces
  6559 | D:5      | Entered Level 5 of the Dungeon
  6570 | D:5      | Reached skill level 5 in Air Magic
  6939 | D:5      | Reached skill level 5 in Spellcasting
  6973 | D:5      | Found a sparkling altar of Nemelex Xobeh.
  7175 | D:5      | Found Bofoezxoda's Assorted Antiques.
  7858 | D:6      | Reached skill level 10 in Summonings
  7890 | D:6      | Noticed a wyvern
  7901 | D:6      | Killed a wyvern
  7902 | D:6      | Reached skill level 11 in Summonings
  8085 | D:6      | Noticed Duvessa
  8094 | D:6      | Killed Duvessa
  8095 | D:6      | Reached XP level 9. HP: 57/57 MP: 8/16
  8098 | D:6      | Noticed Dowan
  8102 | D:6      | Killed Dowan
  8200 | D:6      | Found the +6 shillelagh "Devastator" {shatter}
  8216 | D:6      | Found a runed translucent door.
  8217 | D:6      | Noticed Crazy Yiuf
  8359 | D:6      | Noticed Pikel
  8383 | D:6      | Killed Pikel
  8384 | D:6      | Reached skill level 12 in Summonings
  8582 | D:3      | Bought a pair of embroidered gloves for 187 gold pieces
  9145 | D:6      | Killed Crazy Yiuf
  9255 | D:6      | Learned a level 2 spell: Sublimation of Blood
  9272 | D:6      | Reached skill level 13 in Summonings
  9285 | D:6      | Reached *** piety under Sif Muna
  9750 | D:7      | Reached skill level 14 in Summonings
  9874 | D:7      | Noticed Acetwo5's ghost (novice MiDe)
  9874 | D:7      | Found a runed translucent gate.
  9874 | D:7      | Found a runed translucent gate.
  9874 | D:7      | Found a runed translucent gate.
 10160 | D:7      | You fall into a shaft and drop 2 floors!
 10198 | D:9      | Noticed Maggie
 10199 | D:9      | Noticed a troll
 10204 | D:9      | Noticed a deep elf pyromancer
 10212 | D:9      | Killed a troll
 10213 | D:9      | Reached skill level 15 in Summonings
 10213 | D:9      | Reached XP level 10. HP: 63/63 MP: 8/17
 10217 | D:9      | Noticed Grum
 10218 | D:9      | Found a staircase to the Orcish Mines.
 10317 | D:8      | Found a sand-covered staircase.
 10322 | Ossuary  | Entered an ossuary
 10373 | Ossuary  | Reached skill level 1 in Fighting
 10760 | Ossuary  | Reached **** piety under Sif Muna
 10994 | D:7      | Reached skill level 5 in Fighting
 11698 | D:8      | Noticed a two-headed ogre
 11725 | D:8      | Killed a two-headed ogre
 12692 | D:9      | Killed a deep elf pyromancer
 12693 | D:9      | Reached XP level 11. HP: 83/86 MP: 15/20
 12909 | D:9      | Learned a level 7 spell: Summon Hydra
 12991 | D:9      | Killed Maggie
 13001 | D:9      | Reached ***** piety under Sif Muna
 13001 | D:9      | Received a gift from Sif Muna
 13002 | D:9      | Got Sif Muna's Compendium of Ghastly Execration {god gift}
 13011 | D:9      | Killed Grum
 13223 | D:9      | Identified a scroll of acquirement
 13223 | D:9      | Acquired 835 gold pieces
 13908 | D:9      | Learned a level 5 spell: Summon Mana Viper
 13965 | D:9      | Found a radiant altar of Vehumet.
 13968 | D:9      | Found a broken altar of Ashenzari.
 14012 | D:10     | Entered Level 10 of the Dungeon
 14214 | D:10     | Reached skill level 16 in Summonings
 14594 | D:10     | Identified the +10 short sword of Upheaval {flame, Dex+3}
 14594 | D:10     | Noticed a tengu warrior
 14603 | D:10     | Killed a tengu warrior
 14604 | D:10     | Reached skill level 17 in Summonings
 14710 | D:10     | Found a staircase to the Lair.
 14993 | D:10     | Found a glowing golden altar of the Shining One.
 15302 | D:10     | Reached skill level 1 in Invocations
 15365 | D:10     | Noticed Gastronok
 15383 | D:10     | Killed Gastronok
 15384 | D:10     | Reached XP level 12. HP: 92/92 MP: 6/24
 15931 | Lair:1   | Entered Level 1 of the Lair of Beasts
 15947 | Lair:1   | Reached skill level 18 in Summonings
 16532 | Lair:1   | Identified the +1 rapier "Ebom" {vorpal, Contam rN++
                  | Will+++ SInv}
 16770 | Lair:1   | Reached skill level 5 in Invocations
 18220 | D:3      | Bought a runed helmet for 187 gold pieces
 18743 | Lair:2   | Reached skill level 19 in Summonings
 18746 | Lair:2   | Learned a level 1 spell: Apportation
 18968 | Lair:2   | Noticed a death yak
 18976 | Lair:2   | Killed a death yak
 19507 | Lair:3   | Found a staircase to the Swamp.
 19731 | Lair:3   | Gained mutation: You can hop long distances. [Barachi
                  | growth]
 19731 | Lair:3   | Reached XP level 13. HP: 99/99 MP: 7/26
 20014 | Lair:3   | You fall into a shaft and drop 3 floors!
 20014 | Lair:6   | Entered Level 6 of the Lair of Beasts
 20148 | Lair:6   | Reached skill level 10 in Spellcasting
 20433 | Lair:6   | Found a transporter.
 20434 | Lair:6   | Noticed WindUpCitrus's ghost (journeyman DDFi)
 20505 | Lair:6   | Found a transporter.
 20604 | Lair:6   | Reached skill level 10 in Fighting
 20616 | Lair:6   | Received a gift from Sif Muna
 21662 | Lair:4   | Found a transporter.
 21670 | Lair:4   | Noticed a rakshasa
 21675 | Lair:4   | Noticed a rakshasa
 21677 | Lair:4   | Found a one-way gate to the infinite horrors of the Abyss.
 21677 | Lair:4   | Noticed Waps's ghost (journeyman OgBe)
 21680 | Lair:4   | Noticed a rakshasa
 21719 | Lair:4   | Found a transporter.
 22565 | Lair:4   | Found a hole to the Spider Nest.
 22952 | Lair:5   | Reached XP level 14. HP: 115/115 MP: 13/30
 23023 | Lair:5   | Received a gift from Sif Muna
 23024 | Lair:5   | Got Sif Muna's Volume of Flight and Creation {god gift}
 23163 | Lair:5   | Learned a level 7 spell: Monstrous Menagerie
 23260 | Lair:5   | Reached skill level 1 in Translocations
 23579 | Lair:5   | Found a staircase to the Slime Pits.
 25042 | Lair:6   | Reached skill level 5 in Translocations
 26627 | Lair:6   | Received a gift from Sif Muna
 26628 | Lair:6   | Got Lyciew's Volume of Darkness and Moulding {god gift}
 27254 | D:10     | Learned a level 7 spell: Malign Gateway
 27258 | D:10     | Learned a level 2 spell: Passwall
 27789 | D:7      | Killed Acetwo5's ghost
 28537 | Lair:6   | Killed WindUpCitrus's ghost
 28538 | Lair:6   | Reached XP level 15. HP: 120/120 MP: 3/33
 28682 | Lair:6   | Learned a level 2 spell: Blink
 28966 | D:5      | Bought a scroll labelled YCZIKA LATIRPHIAT for 21 gold
                  | pieces
 29050 | D:3      | Bought a scroll of identify for 28 gold pieces
 29050 | D:3      | Bought a scroll of magic mapping for 49 gold pieces
 29060 | D:3      | Bought an ancient falchion for 200 gold pieces
 29060 | D:3      | Identified the +12 falchion "Wangum" {freeze, Str+4 Int+3}
                  | (You bought it in a shop on level 3 of the Dungeon)
 29400 | D:11     | Found a transporter.
 29402 | D:11     | Found a transporter.
 29403 | D:11     | Noticed adizb's ghost (novice TrBr)
 29961 | D:11     | Found Toejuli's Antique Weapon Shop.
 30232 | D:12     | Noticed Rupert
 30232 | D:12     | Noticed Nessos
 30279 | D:12     | Found Feplirac's Jewellery Shoppe.
 30911 | Orc:1    | Entered Level 1 of the Orcish Mines
 31219 | Orc:2    | Entered Level 2 of the Orcish Mines
 31231 | Orc:1    | Reached skill level 1 in Armour
 32315 | Orc:2    | Received a gift from Sif Muna
 32319 | Orc:2    | Got Sif Muna's Tome of Glacial Shape Shifting {god gift}
 32641 | Orc:2    | Noticed Donald
 32652 | Orc:2    | Killed Donald
 32653 | Orc:2    | Reached skill level 1 in Long Blades
 32746 | Orc:1    | Reached skill level 5 in Armour
 33770 | Orc:2    | Noticed an orc warlord
 34707 | Orc:2    | Reached skill level 1 in Shields
 35188 | Orc:2    | Found a staircase to the Elven Halls.
 36030 | Orc:2    | Found Upumu's Distillery.
 36072 | Orc:2    | Bought a potion of heal wounds for 50 gold pieces
 36080 | Orc:2    | Found Cuutekups's Assorted Antiques.
 36204 | Orc:2    | Killed an orc warlord
 36553 | Orc:2    | Noticed an orc warlord
 36572 | Orc:2    | Killed an orc warlord
 36669 | Orc:2    | Reached skill level 5 in Shields
 36672 | Orc:2    | Received a gift from Sif Muna
 36679 | Orc:2    | Got Sif Muna's Catalogue of Companions {god gift}
 36826 | Orc:2    | Learned a level 6 spell: Summon Cactus Giant
 37113 | Orc:2    | Found Fioneucs's Jewellery Shop.
 37372 | Orc:2    | Found Foofrawk's Book Shoppe.
 37691 | D:11     | Killed adizb's ghost
 38905 | D:12     | Noticed Azrael
 38916 | D:12     | Killed Azrael
 39388 | D:12     | Killed Nessos
 39389 | D:12     | Reached skill level 20 in Summonings
 39710 | D:12     | Killed Rupert
 40052 | D:12     | Noticed Nergalle
 40059 | D:12     | Killed Nergalle
 40300 | D:12     | Found a runed translucent door.
 40300 | D:12     | Noticed pkoi's ghost (journeyman DEIE)
 40409 | D:13     | Found a gate to the Vaults.
 40417 | D:13     | Reached XP level 16. HP: 127/127 MP: 27/34
 40489 | D:13     | Found a frozen archway.
 40621 | IceCv    | Entered an ice cave
 40648 | IceCv    | Reached skill level 21 in Summonings
 40726 | IceCv    | Received a gift from Sif Muna
 40727 | IceCv    | Got Vejafol's Grimoire of Supportive Clay {god gift}
 41916 | IceCv    | Reached skill level 22 in Summonings
 43594 | D:14     | Got Ts'ui Pên's Tome of Forking Paths
 43833 | D:14     | Reached skill level 23 in Summonings
 44258 | D:14     | Found Feijidit's Antique Weapon Emporium.
 45095 | D:15     | Entered Level 15 of the Dungeon
 45254 | D:15     | Noticed Louise
 45351 | D:15     | Noticed Agnes
 45357 | D:15     | Killed Agnes
 45365 | D:15     | Received a gift from Sif Muna
 45367 | D:15     | Got Sif Muna's Volume of Creative Lightness {god gift}
 46213 | D:15     | Cast into level 3 of the Abyss (Louise)
 46241 | Abyss:3  | Noticed a dread lich
 46329 | Abyss:3  | Gained mutation: You are agile. (Dex +2) [a neqoxec]
 46336 | Abyss:3  | Gained mutation: Your body sometimes deteriorates upon
                  | taking damage. [a neqoxec]
 46341 | Abyss:3  | Paralysed by an air elemental for 1 turns
 46379 | Abyss:3  | Gained mutation: You are frail. (-10% HP) [a neqoxec]
 46393 | Abyss:3  | Noticed a tentacled starspawn
 46394 | Abyss:3  | Found an ornate altar of the Wu Jian Council.
 46476 | D:15     | Escaped the Abyss
 46480 | D:15     | Found a shimmering blue altar of Sif Muna.
 46707 | D:15     | Reached XP level 17. HP: 114/115 MP: 12/35
 46814 | D:15     | Killed Louise
 46815 | D:15     | Reached skill level 24 in Summonings
 46938 | D:15     | Found a staircase to the Depths.
 47690 | Swamp:1  | Entered Level 1 of the Swamp
 48578 | Swamp:1  | Reached skill level 15 in Spellcasting
 50828 | Swamp:2  | Noticed Jorgrun
 50836 | Swamp:2  | Paralysed by a fenstrider witch for 4 turns
 51019 | Swamp:2  | Killed Jorgrun
 54550 | D:3      | Bought a scroll of summoning for 133 gold pieces
 54550 | D:3      | Bought a scroll of amnesia for 49 gold pieces
 54554 | D:3      | Bought a scroll of summoning for 133 gold pieces
 54554 | D:3      | Bought a scroll of teleportation for 42 gold pieces
 54554 | D:3      | Bought a scroll of teleportation for 42 gold pieces
 55074 | Swamp:3  | Learned a level 9 spell: Dragon's Call
 55386 | Swamp:3  | Reached XP level 18. HP: 126/126 MP: 21/39
 55912 | Swamp:3  | Learned a level 8 spell: Summon Horrible Things
 55918 | Swamp:3  | Learned a level 5 spell: Summon Forest
 56164 | Swamp:4  | Entered Level 4 of the Swamp
 57862 | Swamp:4  | Received a gift from Sif Muna
 57877 | Swamp:4  | Got Sif Muna's Almanac of Aerial Summoning {god gift}
 58725 | Swamp:4  | Got a decaying rune of Zot
 59082 | Spider:1 | Entered Level 1 of the Spider Nest
 59607 | Spider:1 | Noticed Nikola
 59620 | Spider:1 | Killed Nikola
 60398 | Spider:2 | You fall into a shaft and drop 1 floor!
 60980 | Spider:2 | Received a gift from Sif Muna
 60985 | Spider:2 | Got Sif Muna's Papyrus of Translocation and Flames {god
                  | gift}
 61119 | Spider:2 | Learned a level 6 spell: Dispersal
 62656 | Spider:3 | Reached XP level 19. HP: 129/131 MP: 23/43
 63981 | Spider:4 | Entered Level 4 of the Spider Nest
 65004 | Spider:4 | Reached skill level 10 in Armour
 65006 | Spider:4 | Received a gift from Sif Muna
 65981 | Spider:4 | Got a gossamer rune of Zot
 66894 | Vaults:1 | Entered Level 1 of the Vaults
 67164 | Vaults:1 | Received a gift from Sif Muna
 67173 | Vaults:1 | Got Sif Muna's Compendium of Harmful Companions {god gift}
 69054 | Vaults:1 | Reached XP level 20. HP: 144/144 MP: 3/44
 69559 | Vaults:1 | Received a gift from Sif Muna
 69562 | Vaults:1 | Got Sif Muna's Compendium of Ashen Evil {god gift}
 70080 | Vaults:2 | Reached skill level 15 in Armour
 70348 | Vaults:2 | Identified the +5 spear "Oweyrr" {venom, rF- rCorr Str+10}
 70777 | Vaults:2 | Found Naikhlis's Armour Shoppe.
 71355 | Vaults:2 | Noticed Asterion
 71361 | Vaults:2 | Killed Asterion
 71362 | Vaults:2 | Reached skill level 10 in Shields
 71607 | Vaults:2 | Gained mutation: You are weak. (Str -2) [a cacodemon]
 72374 | Vaults:3 | Received a gift from Sif Muna
 72540 | Vaults:3 | Found a crumbling gateway.
 72544 | Vaults:3 | Found a white marble altar of Elyvilon.
 72544 | Vaults:3 | Found a glowing silver altar of Zin.
 72544 | Vaults:3 | Found a glowing golden altar of the Shining One.
 72747 | Desolati | Entered the Desolation of Salt
 72876 | Desolati | Found the +2 Maxwell's thermic engine {flame, freeze}
 72898 | Desolati | Reached XP level 21. HP: 43/149 MP: 8/45
 73219 | Desolati | Got the Reference Book on Quantum Evil
 73717 | Desolati | Received a gift from Sif Muna
 74475 | Desolati | Identified the +3 ring mail "Vilor" {rElec}
 74483 | Desolati | Identified the amulet of Onocac {Reflect rF+ SH+5}
 74485 | Desolati | Identified the +9 shortbow "Muam" {flame, rF+++ rC+ Int-4
                  | SInv}
 74487 | Desolati | Identified the amulet of Hijur {Acrobat rPois Str+4}
 74573 | Desolati | Identified the ring of Futex {Fire rElec rPois Str-4}
 74583 | Desolati | Identified the ring of Luzyrph {Fly rElec rF- Int-5 Dex+7}
 74975 | Vaults:3 | Killed from afar by an ironbound thunderhulk

Illustrated notes

Levels and vault maps discovered:
D:1:      onia_arrival_mini_maze, layout_loops_ring, basic_ecumenical_altar,
          serial_park_tiny_pond
D:2:      layout_rooms, serial_shops, nicolae_shop_behind_doors, basic_altar,
          uniq_robin, uniq_sigmund
D:3:      layout_basic, serial_shops, nicolae_shop_hallway_stairs,
          nicolae_shop_hallway_stairs, nicolae_shop_statue_plus, shop, shop,
          chequers_serial_rivers_marsh, grunt_decor_cap
D:4:      layout_cave_pools, temple_fountains, portal_sewer_entry_c,
          minmay_joined_circles
D:5:      layout_basic, nemelex_altar_shiori, serial_shops, shop
D:6:      nicolae_cairo_tiling_large_dashed, layout_loops_corners,
          kennysheep_generic_room_10, uniq_duvessa, uniq_crazy_yiuf_cottage,
          uniq_pikel
D:7:      layout_basic, serial_rivers, chequers_serial_rivers_room_a,
          chequers_serial_rivers_small_a, chequers_serial_rivers_micro_c,
          chequers_serial_rivers_micro_a, biasface_ghost_orc_armoury,
          kennysheep_generic_room_3
D:8:      layout_basic, nicolae_ossuary_entry_monument
D:9:      layout_rooms, mainiacjoe_overflow_big_doors, orc_0_dummy,
          grunt_ministairs_10, chequers_serial_rivers_small_b, uniq_grum,
          uniq_maggie
D:10:     layout_basic, mainiacjoe_overflow_chevrons, minmay_lair_entry_grove,
          serial_bayou_pond_a, uniq_gastronok
D:11:     layout_basic, gammafunk_ghost_hive, serial_shops, kennysheep_mini,
          serial_curves, eino_curves_01, eino_curves_04
D:12:     layout_big_octagon, gammafunk_ghost_grave, serial_shops,
          nicolae_shop_trees, eino_small_chamber_without_monster, uniq_rupert,
          uniq_nergalle, uniq_azrael, uniq_nessos
D:13:     layout_basic, erik_vaults_2, portal_ice_cave_entry_pillars_1
D:14:     layout_layer_cave, chequers_jeans, serial_shops, shop,
          bh_hangedman_babel_library
D:15:     hangedman_depths_entry_civil_slaughter, layout_basic,
          minmay_misc_feat_roman, amcnicky_mini_rare_corridor_liquid,
          hangedman_decor_slide_cut, tgw_sif, uniq_agnes, uniq_louise
Temple:   regret_index_temple_mists
Lair:1:   lemuel_reptile_caves, layout_gridlike
Lair:2:   layout_regular_city, hangedman_lair_generics_rect
Lair:3:   layout_cave_pods, skrybe_swamp_entry_bodies
Lair:4:   layout_cave_pods, spider_nest_entry_rubble,
          gammafunk_ghost_abyssal_escape
Lair:5:   layout_cave_shapes, minmay_slime_entry_jelly_boxes
Lair:6:   hangedman_lair_tendril_chambers, layout_regular_city,
          hangedman_lair_caniforms_friends, gammafunk_ghost_arena
Swamp:1:  layout_basic_swamp, serial_swamp_ruin, hangedman_swamp_ruin_wall,
          evilmike_swamp_ruin_rubble_2, swamp_pool5, st_swamp_ruins_3
Swamp:2:  nzn_winding_woodlands_three_and_one
          [nzn_winding_woodlands_5x15_sawtooth,
          nzn_winding_woodlands_5x15_river_crossing,
          nzn_winding_woodlands_5x15_eye, nzn_winding_woodlands_center_garden],
          layout_falls_marsh, evilmike_swamp_ruin_house_5, uniq_jorgrun
Swamp:3:  layout_basic_swamp, evilmike_swamp_ruin_house_3
Swamp:4:  swamp_basic_johnstein, layout_basic_swamp, swamp_pool2
Spider:1: layout_spider_delve, uniq_nikola
Spider:2: layout_spider_delve, nicolae_spider_circle_web,
          nicolae_spider_checkerboard
Spider:3: layout_chambers, special_room [special_room_bee]
Spider:4: grunt_spider_rune_circles, nicolae_crawler_farm
Orc:1:    layout_caves, mines2_david
Orc:2:    pubby_orc_utopia, uniq_donald
Vaults:1: vaults_dpeg_hooks, vaults_mumra_chevron_long,
          nicolae_vaults_rhombus_6, vaults_standard_mumra_lines,
          nicolae_vaults_shelves_hall, vaults_room_large_hall,
          nicolae_vaults_arrows, v_rooms_4, nicolae_vaults_gold_heap, v_misc_19,
          nicolae_vaults_border_crossing, grunt_vaults_diagonal,
          hangedman_vaults_corner_blocks, layout_vaults_omnibox
Vaults:2: hangedman_vaults_unwind, v_misc_16, ontoclasm_vaults_ligature,
          vaults_dpeg_encased_lava, grunt_vaults_twisty,
          nicolae_vaults_back_hallway, nicolae_vaults_little_squares_4,
          ontoclasm_vaults_fault, nicolae_vaults_display_case,
          nicolae_vaults_mini_display_case, v_misc_14,
          grunt_vaults_hallway_short, layout_vaults_big_room, serial_shops,
          shop_fountains, uniq_asterion
Vaults:3: portal_desolation_entry_holy_temple, v_misc_26,
          nicolae_vaults_little_squares_3, vaults_room_pool,
          nicolae_vaults_quartermaster, nicolae_vaults_hallways_thing,
          v_misc_16, hangedman_vaults_variations, vaults_room_door_ring,
          hangedman_vaults_river_flow, v_alt_pattern_1,
          ontoclasm_vaults_shuriken, minmay_crypt_entry_simple_box,
          layout_vaults_omnicross, serial_shops, nicolae_shop_hallway_stairs

Skill      XL: |  1  2  3  4  5  6  7  8  9 10 11 12 13 14 15 16 17 18 19 20 21 |
---------------+----------------------------------------------------------------+-----
Stealth        | 2 |  2.0
Summonings     | 5 6 7 8 11 15 17 19 20 23 24 | 24.0
Spellcasting   | 3 4 5 6 8 9 12 14 17 20 | 20.0
Air Magic      | 2 4 5 |  5.2
Fighting       | 8 12 14 | 14.5
Invocations    | 2 6 7 |  7.4
Translocations | 8 |  8.2
Armour         | 7 8 13 16 | 16.3
Long Blades    | 2 4 |  4.0
Shields        | 5 7 12 14 | 14.7
Dodging        | 4 |  4.0

Action                   |  1- 3 |  4- 6 |  7- 9 | 10-12 | 13-15 | 16-18 | 19-21 || total
-------------------------+-------+-------+-------+-------+-------+-------+-------++-------
Melee: Unarmed           |    13 |       |       |       |       |       |       ||    13
       Dagger            |     7 |       |       |       |       |       |       ||     7
       Short sword       |    17 |    34 |    87 |    86 |    85 |       |       ||   309
       Punch             |       |       |     1 |     2 |     2 |       |       ||     5
       Long sword        |       |       |       |    17 |       |       |       ||    17
       Falchion          |       |       |       |    40 |    65 |   233 |   217 ||   555
 Cast: Summon Small Mamm |    50 |    33 |    62 |    42 |       |       |       ||   187
       Call Imp          |    21 |    18 |    25 |    44 |     6 |       |       ||   114
       Call Canine Famil |       |    18 |    29 |    59 |    93 |    63 |    31 ||   293
       Summon Guardian G |       |       |     8 |    47 |     9 |       |       ||    64
       Summon Lightning  |       |       |     2 |    12 |     4 |       |       ||    18
       Summon Hydra      |       |       |       |    30 |    91 |    54 |       ||   175
       Summon Mana Viper |       |       |       |     1 |     3 |     1 |     1 ||     6
       Monstrous Menager |       |       |       |       |   142 |   272 |   137 ||   551
       Malign Gateway    |       |       |       |       |    15 |       |       ||    15
       Summon Cactus Gia |       |       |       |       |    13 |    35 |       ||    48
       Sublimation of Bl |       |       |       |       |     4 |       |       ||     4
       Passwall          |       |       |       |       |     1 |       |       ||     1
       Dragon's Call     |       |       |       |       |       |     4 |    23 ||    27
       Summon Horrible T |       |       |       |       |       |    14 |    17 ||    31
       Summon Forest     |       |       |       |       |       |     5 |       ||     5
Invok: Forget Spell      |       |       |       |     1 |       |     2 |       ||     3
       Channel Magic     |       |       |       |       |     4 |     1 |       ||     5
       Divine Exegesis   |       |       |       |       |       |     1 |       ||     1
 Abil: Hop               |     1 |       |     4 |     3 |     6 |    12 |     6 ||    32
Evoke: Wand              |       |       |       |       |     1 |       |       ||     1
  Use: Scroll            |     1 |       |    11 |    12 |    10 |     5 |     2 ||    41
       Potion            |       |     6 |     1 |       |     5 |     5 |     8 ||    25
 Stab: Distracted        |       |       |     2 |     2 |     1 |     9 |     7 ||    21
       Sleeping          |       |       |       |     3 |     1 |       |       ||     4
       Paralysed         |       |       |       |       |     2 |     5 |       ||     7
       Confused          |       |       |       |       |       |       |     1 ||     1
Armor: Robe              |    22 |    13 |    45 |    65 |    96 |   126 |    39 ||   406
       Skin              |       |    22 |       |       |       |       |       ||    22
       Swamp dragon scal |       |       |       |       |       |       |    79 ||    79
       Ring mail         |       |       |       |       |       |       |    16 ||    16
Dodge: Dodged            |    42 |    22 |   135 |   136 |   193 |   166 |   135 ||   829
Block: Buckler           |       |       |       |       |    29 |   241 |   194 ||   464
       Reflection        |       |       |       |       |     6 |    22 |     8 ||    36
